 Dungeon Crawl Stone Soup version 0.18.1-48-g4cf74bf (console) character file.

2678 Kloppie the Basher (level 9, 0/85 HPs)
             Began as a Minotaur Gladiator on June 28, 2016.
             Was a Priest of Makhleb.
             Slain by an unseen horror (7 damage)
             ... on level 8 of the Dungeon.
             The game lasted 00:10:26 (5196 turns).

Kloppie the Basher (Minotaur Gladiator)             Turns: 5196, Time: 00:10:27

Health: 0/85       AC: 10    Str: 19    XL:     9   Next: 37%
Magic:  8/8        EV: 17    Int:  5    God:    Makhleb [***...]
Gold:   272        SH:  0    Dex: 15    Spells: 0 memorised, 8 levels left

rFire  . . .     SeeInvis .     a - +0 flail
rCold  . . .     Gourm    .     l - +0 swamp dragon armour
rNeg   . . .     Faith    .     (no shield)
rPois  +         Spirit   .     c - +1 hat
rElec  .         Dismiss  .     j - +0 cloak
rCorr  .         Reflect  .     (no gloves)
SustAt .         Harm     .     (no boots)
MR     .....                    v - amulet of magic regeneration
Stlth  +.........               (no ring)
                                t - +3 ring of evasion

@: very slightly contaminated, hasted, very quick, not resistant to hostile
enchantments, very unstealthy
A: retaliatory headbutt, horns 2, repulsion field 1
a: Minor Destruction, Lesser Servant of Makhleb, Renounce Religion


You were on level 8 of the Dungeon.
You worshipped Makhleb.
Makhleb was most pleased with you.
You were not hungry.

You visited 2 branches of the dungeon, and saw 9 of its levels.

You collected 272 gold pieces.

Inventory:

Hand Weapons
 a - a +0 flail (weapon)
Missiles
 d - 3 throwing nets (quivered)
Armour
 c - a +1 hat (worn)
 h - the cursed +0 ring mail of a sewer {rElec rN++ MP+9 Str-5}
   (You found it on level 6 of the Dungeon)

   It affects your strength (-5).
   It insulates you from electricity.
   It greatly protects you from negative energy.
   It affects your magic capacity (+9).
   It has a curse placed upon it.
 j - a +0 cloak (worn)
 l - a +0 swamp dragon armour (worn)
Jewellery
 n - an uncursed ring of fire
 t - a +3 ring of evasion (left hand)
 v - an amulet of magic regeneration (around neck)
Wands
 k - a wand of slowing (17/48)
 u - a wand of confusion (28/48)
 y - a wand of lightning (5/15)
Scrolls
 e - 2 scrolls of remove curse
 o - 2 scrolls of magic mapping
 q - 2 scrolls of blinking
 E - a scroll of amnesia
Potions
 b - a potion of might {unknown}
 i - 2 potions of curing
 m - 2 potions of agility
 w - a potion of cancellation {unknown}
 z - 2 potions of degeneration {unknown}
 C - a potion of mutation {unknown}
Books
 B - a book of Misfortune

   Spells                             Type                      Level
   a - Confusing Touch                Hexes                        2
   b - Confuse                        Hexes                        3
   c - Gell's Gravitas                Hexes/Translocation          3
   d - Petrify                        Transmutation/Earth          4
   e - Metabolic Englaciation         Hexes/Ice                    5
   f - Yara's Violent Unravelling     Hexes/Transmutation          5
Comestibles
 f - 2 bread rations
 g - 3 royal jellies
 p - a slice of pizza
 A - 2 beef jerkies
 D - 3 chunks of flesh


   Skills:
 - Level 10.2 Fighting
 + Level 11.3 Maces & Flails
 - Level 2.0 Throwing
 + Level 4.0 Armour
 - Level 3.2 Dodging


You had 8 spell levels left.
You didn't know any spells.

Dungeon Overview and Level Annotations

Branches:
Dungeon (8/15)             Temple (1/1) D:4
   Lair: D:8-11

Altars:
Ashenzari
Cheibriados
Dithmenos
Elyvilon
Fedhas
Gozag
Makhleb
Nemelex Xobeh
Okawaru
Qazlal
Sif Muna
Trog
Vehumet
Xom
Yredelemnul
Zin
The Shining One

Shops:
D:7 :(}

Annotations:
D:4 Gargoyl's ghost, amateur DsAK


Innate Abilities, Weirdness & Mutations

You reflexively headbutt those who attack you in melee.
You have a pair of horns on your head.
You are surrounded by a mild repulsion field (EV +2).


Message History

* * * LOW HITPOINT WARNING * * *
Something hits you but does no damage.
Drink which item? (? for menu, Esc to quit)
You feel yourself speed up. Something barely misses you.
You are very lightly contaminated with residual magic.
Something completely misses you. Something barely misses you.
Something hits you.
* * * LOW HITPOINT WARNING * * *
Something hits you but does no damage. Something barely misses you.
Something barely misses you.
You open the door. Something hits you but does no damage. Something hits you.
* * * LOW HITPOINT WARNING * * *
There is an open door, spattered with blood here.
Something hits you.
* * * LOW HITPOINT WARNING * * *
Something hits you!
You die...

#............#.....#...
#............#.....#...
#............#.....#...
######'#####'###'#.....###.
#...................######'
#...................#......
+..................)#......
#.....>.............'......
#####+#.........@.........#...##.
..........##+######'#############
..........+.......#..............
..........#.......#..............
..........#.......#..............
..........#'####.#..#....##.####(
#######........############.####.
#........# #......[.#....
#........# #........#..).


There were no monsters in sight!

Vanquished Creatures
  A black bear (D:6)
  2 ogres
  2 sky beasts
  3 phantoms
  3 centaurs
  3 giant frogs
  A scorpion (D:4)
  9 killer bees (D:8)
  2 howler monkeys
  4 crimson imps
  2 giant frog zombies
  A giant frog skeleton (D:4)
  A jelly (D:6)
  5 orc priests
  4 hounds
  3 iguanas
  An orc wizard (D:5)
  4 worker ants
  A hound zombie (D:6)
  2 howler monkey zombies
  A worker ant zombie (D:5)
  10 adders
  3 gnolls (D:3)
  3 oozes
  An adder skeleton (D:6)
  2 worms
  3 dart slugs
  5 giant geckos
  21 orcs
  4 bats
  2 bat skeletons (D:2)
  A bat zombie (D:2)
  A giant cockroach (D:5)
  7 goblins
  7 hobgoblins
  3 jackals (D:2)
  8 kobolds
  A giant cockroach zombie (D:5)
  A giant gecko skeleton (D:6)
  7 giant newts
  A jackal zombie (D:5)
  A quokka skeleton (D:6)
  8 rats
155 creatures vanquished.

Notes
Turn   | Place    | Note
--------------------------------------------------------------
     0 | D:1      | Kloppie the Minotaur Gladiator began the quest for the Orb.
     0 | D:1      | Reached XP level 1. HP: 18/18 MP: 0/0
   380 | D:1      | Reached XP level 2. HP: 25/25 MP: 1/1
   397 | D:1      | Reached skill level 4 in Maces & Flails
   734 | D:2      | Reached XP level 3. HP: 31/31 MP: 2/2
   769 | D:2      | Found a stormy altar of Qazlal.
   874 | D:2      | Found a radiant altar of Vehumet.
  1306 | D:2      | Reached skill level 5 in Maces & Flails
  1358 | D:2      | Reached XP level 4. HP: 37/40 MP: 3/3
  2059 | D:3      | Reached XP level 5. HP: 47/47 MP: 4/4
  2078 | D:3      | Found a shadowy altar of Dithmenos.
  2190 | D:3      | Found a blossoming altar of Fedhas.
  2420 | D:4      | Found a staircase to the Ecumenical Temple.
  2462 | Temple   | Entered the Ecumenical Temple
  2621 | Temple   | Became a worshipper of Makhleb the Destroyer
  2658 | D:4      | Reached skill level 6 in Maces & Flails
  2715 | D:4      | Reached skill level 5 in Fighting
  2723 | D:4      | Reached XP level 6. HP: 54/56 MP: 5/5
  2755 | D:4      | Reached skill level 7 in Maces & Flails
  2766 | D:4      | Noticed Gargoyl's ghost (amateur DsAK)
  2785 | D:5      | Entered Level 5 of the Dungeon
  2888 | D:5      | Reached XP level 7. HP: 64/64 MP: 6/6
  3057 | D:5      | Reached * piety under Makhleb
  3059 | D:5      | Gained mutation: You are surrounded by a mild repulsion field (EV +2). [potion of beneficial mutation]
  3066 | D:5      | Reached skill level 8 in Maces & Flails
  3345 | D:6      | Got a translucent ring mail
  3388 | D:6      | Reached ** piety under Makhleb
  3483 | D:6      | Reached XP level 8. HP: 74/74 MP: 7/7
  3503 | D:6      | Reached skill level 9 in Maces & Flails
  3516 | D:6      | Identified the cursed +0 ring mail of a sewer {rElec rN++ MP+9 Str-5} (You found it on level 6 of the Dungeon)
  3716 | D:6      | Found a basalt altar of Yredelemnul.
  4238 | D:7      | Found Muqezxon's Book Shoppe.
  4346 | D:7      | Reached skill level 10 in Maces & Flails
  4396 | D:7      | Found Usiulaur's Weapon Shoppe.
  4445 | D:7      | Found Ariamn's Gadget Shop.
  4480 | D:7      | Reached skill level 10 in Fighting
  4572 | D:7      | Reached XP level 9. HP: 84/85 MP: 8/8
  4884 | D:8      | Reached skill level 1 in Armour
  4887 | D:8      | Reached *** piety under Makhleb
  4932 | D:8      | Reached skill level 11 in Maces & Flails
  5059 | D:8      | Found a sparkling altar of Nemelex Xobeh.
  5196 | D:8      | Slain by an unseen horror

Skill      XL: |  1  2  3  4  5  6  7  8  9 |
---------------+----------------------------+-----
Fighting       | 3 4 5 6 8 10 | 10.2
Maces & Flails | 4 5 6 7 8 10 11 | 11.3
Armour         | 4 |  4.0
Throwing       | |  2.0
Dodging        | |  3.2

Action                   |  1- 3 |  4- 6 |  7- 9 || total
-------------------------+-------+-------+-------++-------
Melee: Flail             |    87 |   110 |   262 ||   459
       Headbutt          |    14 |    18 |    41 ||    73
Throw: Throwing net      |     3 |       |       ||     3
  Use: Scroll            |       |       |    18 ||    18
       Potion            |       |       |     5 ||     5
  Eat: Chunk             |     1 |     5 |     8 ||    14
Armor: Leather armour    |    10 |       |       ||    10
       Swamp dragon armo |    33 |    54 |    88 ||   175
       Skin              |       |       |    48 ||    48
Dodge: Dodged            |    62 |    66 |   248 ||   376
